 Dungeon Crawl Stone Soup version 0.28.0-53-g5a82cb258f (webtiles) character file.

Game seed: 5500040532351577232

564 Godmorgon the Cudgeller (level 7, -20/61 HPs)
             Began as a Minotaur Fighter on Aug 12, 2022.
             Demolished by an ogre
             ... wielding a +0 giant club
              (24 damage)
             ... on level 4 of the Dungeon.
             The game lasted 00:16:24 (4749 turns).

Godmorgon the Cudgeller (Minotaur Fighter)          Turns: 4749, Time: 00:16:25

Health: -20/61     AC:  9    Str: 23    XL:     7   Next: 10%
Magic:  6/6        EV:  7    Int:  5    God:
Gold:   159        SH:  4    Dex:  9    Spells: 6/6 levels left

rFire   . . .      SeeInvis .   a - +0 whip (elec)
rCold   . . .      Faith    .   c - +0 buckler
rNeg    . . .      Spirit   .   t - +0 chain mail
rPois   +          Reflect  .   (helmet restricted)
rElec   .          Harm     .   (no cloak)
rCorr   +          Rampage  .   (no gloves)
Will    .....                   (no boots)
Stlth   ..........              (no amulet)
HPRegen 0.20/turn               f - ring of resist corrosion
MPRegen 0.10/turn               g - ring of poison resistance

@: no status effects
A: horns 2, retaliatory headbutt
a: no special abilities


You were on level 4 of the Dungeon.
You visited 1 branch of the dungeon, and saw 4 of its levels.

You collected 159 gold pieces.

Inventory:

Hand Weapons
 a - a +0 whip of electrocution (weapon)
 e - a +0 flail
Missiles
 v - 5 poisoned darts (quivered)
 x - 4 boomerangs
Armour
 c - a +0 buckler (worn)
 t - a +0 chain mail (worn)
Jewellery
 f - a ring of resist corrosion (left hand)
 g - a ring of poison resistance (right hand)
Wands
 r - a wand of polymorph (9)
Scrolls
 b - a scroll of holy word {unknown}
 h - a scroll of noise {unknown}
 i - 2 scrolls of identify {unknown}
 l - 2 scrolls of enchant armour {unknown}
 m - 3 scrolls of vulnerability {unknown}
 n - a scroll of torment {unknown}
 o - a scroll of fog {unknown}
 p - 2 scrolls of magic mapping {unknown}
 q - 4 scrolls of teleportation {unknown}
 s - 2 scrolls of fear {unknown}
 u - 2 scrolls of silence {unknown}
 w - a scroll of immolation {unknown}
Potions
 d - a potion of might
 j - a potion of lignification {unknown}
 k - a potion of attraction {unknown}
 z - a potion of curing {unknown}


   Skills:
 + Level 5.1 Fighting
 * Level 6.0 Maces & Flails
 + Level 2.6 Throwing
 + Level 5.2 Armour
 - Level 5.0 Shields


You had 6 spell levels left.
You didn't know any spells.
Your spell library was empty.

Dungeon Overview and Level Annotations

Branches:
Dungeon (4/15)
 Temple: D:4-7

Altars:
Wu Jian

Annotations:
D:4 Grinder


Innate Abilities, Weirdness & Mutations

You have a pair of horns on your head.
You reflexively headbutt those who attack you in melee.


Message History

The poisoned dart barely misses the ogre.
Press: ? - help, v - describe, . - travel The floor.
Unknown command.
The ogre looks more healthy.
Grinder gestures at you.
You suddenly lose the ability to move!
Grinder gestures at you. You resist with significant effort.
The ogre hits you with a +0 giant club! The ogre hits you with a +0 giant club!
Grinder blinks!
The ogre hits you with a +0 giant club!!
* * * LOW HITPOINT WARNING * * *
You can move again.
There is an open door here.
Grinder blinks!
Things that are here:
a staff of cold; a jackal corpse
Things that are here:
a staff of cold; a jackal corpse Grinder gestures at you.
You suddenly lose the ability to move!
Grinder rolls her eyes.
Grinder zaps a wand.
The puff of flame hits you but does no damage.
The ogre hits you with a +0 giant club!!
* * * LOW HITPOINT WARNING * * *
You can move again.
You see here a jackal skeleton.
You see here 14 stones.
You enter the shallow water.
Moving in this stuff is going to be slow.
The ogre hits you with a +0 giant club.
* * * LOW HITPOINT WARNING * * *
Things that are here:
a +0 dagger; a +0 club Grinder blinks!
There is a stone staircase leading up here.
The ogre hits you with a +0 giant club!!
You die...

############
##@O........##
##............##
#..(...........#
#..............#
###..............#
###≈#..............#
##..≈#..............#
##≈..≈##.....)......##
#
#..≈.≈###...........#
#


You could see an ogre.

Vanquished Creatures
  An ogre (D:4)
  A phantom (D:4)
  A water moccasin skeleton (D:4)
  An orc priest (D:4)
  Ijyb (D:3)
  2 iguanas (D:4)
  An orc wizard (D:4)
  Robin (D:1)
  9 adders
  An adder skeleton (D:4)
  5 dart slugs
  7 orcs
  9 ball pythons
  2 bats
  5 endoplasms
  3 giant cockroaches
  26 goblins
  6 hobgoblins
  4 jackals (D:4)
  8 kobolds
  A quokka (D:2)
  5 frilled lizards
  A rat (D:1)
101 creatures vanquished.

Vanquished Creatures (others)
  An orc wizard (D:4)
  7 plants (D:1)
8 creatures vanquished.

Grand Total: 109 creatures vanquished

Notes
Turn   | Place    | Note
-------+----------+-------------------------------------------
     0 | D:1      | Godmorgon the Minotaur Fighter began the quest for the Orb.
     0 | D:1      | Reached XP level 1. HP: 19/19 MP: 0/0
   233 | D:1      | Reached XP level 2. HP: 22/27 MP: 1/1
   341 | D:1      | Reached skill level 3 in Maces & Flails
   615 | D:1      | Reached XP level 3. HP: 33/33 MP: 2/2
   942 | D:1      | Found a faded altar of an unknown god.
  1138 | D:2      | Noticed Robin
  1429 | D:1      | Killed Robin
  1430 | D:1      | Reached XP level 4. HP: 39/40 MP: 3/3
  1724 | D:2      | Reached skill level 1 in Throwing
  1863 | D:2      | Reached skill level 4 in Maces & Flails
  2185 | D:3      | Noticed Ijyb
  2262 | D:3      | Killed Ijyb
  2263 | D:3      | Reached XP level 5. HP: 44/46 MP: 4/4
  3165 | D:4      | Found an ornate altar of the Wu Jian Council.
  3487 | D:4      | Noticed a phantom
  3748 | D:4      | Killed a phantom
  3749 | D:4      | Reached skill level 5 in Maces & Flails
  3749 | D:4      | Reached XP level 6. HP: 36/53 MP: 5/5
  4130 | D:4      | Reached skill level 5 in Armour
  4144 | D:4      | Reached skill level 5 in Shields
  4411 | D:4      | Noticed Grinder
  4435 | D:4      | Reached skill level 5 in Fighting
  4435 | D:4      | Reached skill level 6 in Maces & Flails
  4435 | D:4      | Reached XP level 7. HP: 49/61 MP: 6/6
  4658 | D:4      | Paralysed by Grinder for 5 turns
  4721 | D:4      | Paralysed by Grinder for 3 turns
  4734 | D:4      | HP: 1/61 [ogre/+0 giant club (6)]
  4749 | D:4      | Demolished by an ogre

Illustrated notes

Levels and vault maps discovered:
D:1:      giann_forest_graveyard, layout_basic,
          shapermc_ecumenical_altar_acropolis, minmay_misc_feat_diagonals,
          serial_bayou_ford_a, st_stairs_2, solitary_fountain,
          minmay_misc_feat_tiny, minmay_pentomino_u2
D:2:      minmay_wonky_spiral, layout_rooms, minmay_misc_feat_cross, uniq_robin
D:3:      layout_basic, uniq_ijyb
D:4:      layout_rooms, mainiacjoe_overflow_brackets, serial_rivers,
          chequers_serial_rivers_micro_e, chequers_serial_rivers_small_a,
          chequers_serial_rivers_room_a, chequers_serial_rivers_marsh,
          uniq_grinder

Skill      XL: |  1  2  3  4  5  6 |
---------------+-------------------+-----
Maces & Flails | 3 4 5 6 |  6.0
Armour         | 4 5 |  5.2
Fighting       | 4 5 |  5.1
Shields        | 4 5 |  5.0
Throwing       | 1 2 |  2.6

Action                   |  1- 3 |  4- 6 |  7- 9 || total
-------------------------+-------+-------+-------++-------
Melee: Flail             |   100 |   100 |       ||   200
       Headbutt          |    13 |    15 |     2 ||    30
       Whip              |       |    51 |    13 ||    64
Throw: Stone             |       |     2 |       ||     2
       Dart              |       |     6 |     3 ||     9
Armor: Scale mail        |    47 |     9 |       ||    56
       Skin              |       |    12 |       ||    12
       Chain mail        |       |    29 |    10 ||    39
Dodge: Dodged            |    63 |    32 |     2 ||    97
Block: Buckler           |    25 |    21 |     4 ||    50
